 Dungeon Crawl Stone Soup version 0.29.1-2-gbd0b4ee654 (webtiles) character file.

Game seed: 4659186504901545201

4 LustLizard the Gusty (level 1, -1/11 HPs)
             Began as an Octopode Air Elementalist on Dec 1, 2022.
             Slain by a jackal (2 damage)
             ... on level 1 of the Dungeon.
             The game lasted 00:00:50 (119 turns).

LustLizard the Gusty (Octopode Air Elementalist)     Turns: 119, Time: 00:00:50

Health: -1/11      AC:  1    Str:  7    XL:     1   Next: 70%
Magic:  0/3        EV: 13    Int: 17    God:
Gold:   0          SH:  0    Dex: 12    Spells: 3/4 levels left

rFire   . . .      SeeInvis .   (no weapon)
rCold   . . .      Faith    .   (no shield)
rNeg    . . .      Spirit   .   (helmet restricted)
rPois   .          Reflect  .   (no amulet)
rElec   .          Harm     .   (no ring)
rCorr   .          Rampage  .   (no ring)
Will    .....                   (no ring)
Stlth   +++.......              (no ring)
HPRegen 0.03/turn               (no ring)
MPRegen 0.08/turn               (no ring)
                                (no ring)
                                (no ring)

@: attractive
A: almost no armour, amphibious, 8 rings, camouflage 1, gelatinous body 1,
(nimble swimmer 1), tentacles
a: no special abilities


You were on level 1 of the Dungeon.
You visited 1 branch of the dungeon, and saw 1 of its levels.

Inventory:

Scrolls
 c - a scroll of noise {unknown}
Potions
 a - a potion of magic


   Skills:
 - Level 2.0 Dodging
 + Level 2.8 Stealth
 + Level 2.0 Spellcasting
 * Level 1.2 Conjurations
 * Level 3.1 Air Magic


You had 3 spell levels left.
You knew the following spells:

 Your Spells              Type           Power      Damage    Failure   Level
a - Shock                 Conj/Air       36%        1d5       8%          1

Your spell library contained the following spells:

 Spells                   Type           Power      Damage    Failure   Level
 Static Discharge         Conj/Air       9%         3-5/arc   12%         2
 Swiftness                Air            12%        N/A       16%         3
 Airstrike                Air            6%         2d(1-17)  47%         4


Dungeon Overview and Level Annotations

Branches:
Dungeon (1/15)

Altars:


Innate Abilities, Weirdness & Mutations

You cannot wear most types of armour.
You are amphibious.
You can wear up to eight rings at the same time.
Your skin changes colour to match your surroundings (Stealth+).
Your rubbery body absorbs attacks. (AC +1, EV +1)
((You are camouflaged when in or above water. (Stealth+)))
You have tentacles for arms and can constrict up to eight enemies at once.


Message History

The jackal is heavily wounded.
You constrict the jackal, but do no damage.
The jackal closely misses you.
A jackal comes into view.
The jackal misses you.
Your magical contamination has completely faded away.
You tentacle-slap the jackal but do no damage.
The jackal is heavily wounded.
You constrict the jackal. The jackal barely misses you.
A jackal comes into view.
The jackal bites you.
Unknown command.
You release your grip on the jackal.
The jackal attacks as you move away! The jackal barely misses you.
The jackal bites you.
* * * LOW HITPOINT WARNING * * *
The jackal barely misses you. The jackal attacks as you move away!
The jackal misses you.
You closely miss the jackal. You grab the jackal.
The jackal is severely wounded.
You constrict the jackal, but do no damage.
The jackal closely misses you.
Aiming: Shock (safe; 9% risk of failure)
Press: ? - help, Q - select action Shift-Dir - straight line, f/p - jackal
Aim: a jackal (severely wounded, constricted by you, 97% to hit)
The zap hits the jackal.
You kill the jackal!
The zap hits the jackal.
The jackal is severely wounded.
You tentacle-slap the jackal but do no damage.
You grab the jackal.
You constrict the jackal, but do no damage.
The jackal bites you.
* * * LOW HITPOINT WARNING * * *
The jackal bites you.
* * * LOW HITPOINT WARNING * * *
It was a potion of attraction.
You feel attractive to monsters.
You constrict the jackal, but do no damage.
The jackal bites you.
You die...

#. #†# #.. #.# .
#.(##.#####.. ##.
#...........# #..
#........?.# ####.####
#h# #≈≈≈.≈§§##
#†#########.#
+.≈§§§≈.+.###h...........
#≈.§..§§#..@hhg....####
#≈≈.<.≈§##.##.######
#≈.....≈##.##.#
+§≈§≈§≈§§..##.#
#≈≈§.≈≈≈#####.# ####.####
..# .... #.# #.#### ..# .


You could see 3 jackals and a hobgoblin.

Vanquished Creatures
  3 jackals (D:1)
  A ball python (D:1)
4 creatures vanquished.

Notes
Turn   | Place    | Note
-------+----------+-------------------------------------------
     0 | D:1      | LustLizard the Octopode Air Elementalist began the quest
                  | for the Orb.
     0 | D:1      | Reached XP level 1. HP: 11/11 MP: 3/3
   119 | D:1      | Slain by a jackal

Illustrated notes

Levels and vault maps discovered:
D:1:      ncdulo_lavacross, layout_loops_ring, serial_shops, shop

Action                   || total
-------------------------++-------
Melee: Unarmed           ||     9
       Constrict         ||     4
       Tentacles         ||     1
 Cast: Shock             ||     7
  Use: Potion            ||     1
Dodge: Dodged            ||    13
